 Dungeon Crawl Stone Soup version 0.30-a0-6-g7c9e10e132 (webtiles) character file.

Game seed: 2522245319552013661

836 SensoryNuts the Cudgeller (level 7, -10/67 HPs)
             Began as a Troll Fighter on Aug 22, 2022.
             Was an Initiate of Gozag.
             Killed from afar by an acid dragon (32 damage)
             ... with a splash of acid
             ... on level 6 of the Dungeon.
             The game lasted 00:06:37 (4972 turns).

SensoryNuts the Cudgeller (Troll Fighter)           Turns: 4972, Time: 00:06:38

Health: -10/67     AC: -3    Str: 27    XL:     7   Next: 66%
Magic:  6/6        EV:  9    Int:  4    God:    Gozag
Gold:   424        SH:  7    Dex:  9    Spells: 6/6 levels left

rFire   + . .      SeeInvis .    a - +0 flail
rCold   . . .      Faith    .    c - +0 kite shield
rNeg    . . .      Spirit   .    b - +1 robe
rPois   .          Reflect  .    (helmet restricted)
rElec   .          Harm     .    (no cloak)
rCorr   .          Rampage  .    (gloves unavailable)
Will    .....                    (boots unavailable)
Stlth   +.........               (no amulet)
HPRegen 1.01/turn                (no ring)
MPRegen 0.10/turn                (no ring)

@: corroded
A: large, unfitting armour, claws 3, regeneration 1, shaggy fur 1, tough skin 1,
fire resistance 1, wild magic 1
a: Renounce Religion, Potion Petition, Call Merchant, Bribe Branch


You were on level 6 of the Dungeon.
You worshipped Gozag.
Gozag was aware of your devotion.
You visited 2 branches of the dungeon, and saw 7 of its levels.

You collected 458 gold pieces.
You paid 34 gold pieces to Gozag.

Inventory:

Hand Weapons
 a - a +0 flail (weapon)
Armour
 b - a +1 robe (worn)
 c - a +0 kite shield (worn)
Jewellery
 h - a ring of fire
Scrolls
 f - a scroll of identify
 l - a scroll of silence
 m - a scroll of poison
 n - 5 scrolls of immolation
Potions
 d - a potion of flight {unknown}
 i - a potion of magic


   Skills:
 + Level 3.5 Fighting
 * Level 5.8 Maces & Flails
 + Level 4.0 Dodging
 + Level 0.4 Stealth
 + Level 4.0 Shields


You had 6 spell levels left.
You didn't know any spells.
Your spell library contained the following spells:

 Spells                   Type           Power      Damage    Failure   Level
 Necrotise                Necr           0%         1d4       85%         1
 Sublimation of Blood     Necr           0%         N/A       93%         2
 Wereblood                Tmut           0%         N/A       93%         2
 Conjure Flame            Conj/Fire      0%         6-21      99%         3
 Frozen Ramparts          Ice            0%         1d1       99%         3
 Ignite Poison            Fire/Tmut/Pois 0%         N/A       99%         3
 Vampiric Draining        Necr           0%         2d6       99%         3
 Ice Form                 Ice/Tmut       0%         N/A       100%        4
 Sticky Flame             Conj/Fire      0%         2d3       100%        4
 Summon Ice Beast         Ice/Summ       0%         N/A       100%        4
 Agony                    Necr           0%         N/A       100%        5
 Alistair's Intoxication  Tmut/Pois      0%         N/A       100%        5
 Borgnjor's Vile Clutch   Necr/Erth      0%         N/A       100%        5
 Eringya's Noxious Bog    Tmut/Pois      0%         N/A       100%        6
 Summon Hydra             Summ           0%         N/A       100%        7


Dungeon Overview and Level Annotations

Branches:
Dungeon (6/15)             Temple (1/1) D:4

Altars:
Ashenzari
Cheibriados
Dithmenos
Elyvilon
Fedhas
Gozag
Hepliaklqana
Kikubaaqudgha
Makhleb
Nemelex Xobeh
Okawaru
Qazlal
Ru
Trog
Uskayaw
Vehumet
Yredelemnul
Zin
The Shining One

Annotations:
D:6 1 runed translucent door, Crazy Yiuf


Innate Abilities, Weirdness & Mutations

You are too large for most types of armour.
You have claws for hands.
Your natural rate of healing is unusually fast.
You are covered in fur. (AC +1)
You have tough skin. (AC +1)
Your flesh is heat resistant. (rF+)
Your spells are a little harder to cast, but a little more powerful.


Message History

No target in view!
You now have 424 gold pieces (gained 3).
An acid dragon comes into view.
An acid dragon is nearby!
An acid dragon is nearby!
An acid dragon is nearby!
An acid dragon is nearby!
The acid dragon spits acid at you. The splash of acid hits you!
The acid corrodes you!
You thump the acid dragon!
The acid dragon is heavily wounded.
The acid dragon bites you. You block the acid dragon's attack.
You barely miss the acid dragon.
The acid dragon is heavily wounded.
The acid dragon spits acid at you. The splash of acid hits you!
The acid corrodes you!
You barely miss the acid dragon.
The acid dragon is heavily wounded.
The acid dragon barely misses you. The acid dragon claws you.
You sock the acid dragon!
The acid dragon is almost dead.
The acid dragon spits acid at you. The splash of acid misses you.
The acid dragon spits acid at you. The splash of acid hits you!!
* * * LOW HITPOINT WARNING * * *
You feel better. The acid dragon barely misses you. The acid dragon claws you.
You completely miss the acid dragon.
The acid dragon is almost dead.
The acid dragon bites you. The acid dragon claws you.
You hit the acid dragon but do no damage.
The acid dragon is almost dead.
The acid dragon barely misses you. The acid dragon claws you.
* * * LOW HITPOINT WARNING * * *
You barely miss the acid dragon.
The acid dragon is almost dead.
The acid dragon spits acid at you. The splash of acid hits you!!
You die...
Your body crumbles into a pile of gold.

§§§§§§§§##......#
♣♣)♣ #.
§§§§§§§§##......####
♣)♣♣
§§§§§§§§##.........#
#+#
§§8§§§§§##.........#
)))
§###§§§§#........###
#)))#
§#_#§§§§#........#
#).)#
§#.#§§§§#...####.###
##### §#.#§§§§#...#
#.#.# #
§#.#§§§§#...#
#@#.############.#
##.######...#
#D#..........<.^.#
..........###
#.#........##.####
.#...######
#.#........##.####
.....#
#.#........##.##..
######
#.#........##.##.#
#.#........##.##.#
#.#.[......##..[.#
##############.#


You could see an acid dragon (catching breath).

Vanquished Creatures
  A necrophage (D:4)
  4 scorpions
  2 jellies
  An orc priest (D:4)
  4 iguanas
  4 orc wizards
  9 adders
  An ufetubus (D:5)
  5 worms
  3 dart slugs
  24 orcs
  11 bats
  10 endoplasms
  5 giant cockroaches
  6 goblins
  11 hobgoblins
  5 quokkas
  3 ball pythons
  3 frilled lizards (D:1)
  7 kobolds
  9 rats
128 creatures vanquished.

Vanquished Creatures (others)
  4 fungi (D:1)
  5 plants
9 creatures vanquished.

Grand Total: 137 creatures vanquished

Notes
Turn   | Place    | Note
-------+----------+-------------------------------------------
     0 | D:1      | SensoryNuts the Troll Fighter began the quest for the Orb.
     0 | D:1      | Reached XP level 1. HP: 22/22 MP: 0/0
   130 | D:1      | Reached XP level 2. HP: 23/29 MP: 1/1
   147 | D:1      | Reached skill level 2 in Maces & Flails
   260 | D:1      | Reached XP level 3. HP: 36/36 MP: 2/2
   260 | D:1      | Found a faded altar of an unknown god.
  1045 | D:2      | Reached XP level 4. HP: 34/44 MP: 3/3
  1173 | D:2      | Reached skill level 3 in Maces & Flails
  1708 | D:3      | Reached XP level 5. HP: 34/53 MP: 4/4
  2031 | D:3      | Identified the +11 sling of the Onslaught {vorpal, rPois
                  | rF- rN+++ Stlth+}
  2558 | D:3      | Found a white marble altar of Elyvilon.
  2729 | D:4      | Found a staircase to the Ecumenical Temple.
  2733 | D:4      | Reached skill level 4 in Maces & Flails
  2754 | D:4      | Reached XP level 6. HP: 58/61 MP: 5/5
  2758 | Temple   | Entered the Ecumenical Temple
  3066 | Temple   | Became a worshipper of Gozag Ym Sagoz the Greedy
  3826 | D:5      | Entered Level 5 of the Dungeon
  3841 | D:5      | Reached skill level 5 in Maces & Flails
  3918 | D:4      | Gained mutation: You are dopey. (Int -2) [potion of
                  | mutation]
  3918 | D:4      | Gained mutation: You are agile. (Dex +4, Str/Int -1)
                  | [potion of mutation]
  3920 | D:4      | Lost mutation: You are dopey. (Int -2) [potion of mutation]
  3920 | D:4      | Lost mutation: You are agile. (Dex +4, Str/Int -1) [potion
                  | of mutation]
  3920 | D:4      | Gained mutation: You expend magic power (3 MP) to
                  | strengthen your wands. [potion of mutation]
  3920 | D:4      | Gained mutation: You are strong-willed. (Will+) [potion of
                  | mutation]
  3921 | D:4      | Lost mutation: You are strong-willed. (Will+) [potion of
                  | mutation]
  3921 | D:4      | Lost mutation: You expend magic power (3 MP) to strengthen
                  | your wands. [potion of mutation]
  3921 | D:4      | Gained mutation: Your spells are a little harder to cast,
                  | but a little more powerful. [potion of mutation]
  3921 | D:4      | Gained mutation: Your flesh is heat resistant. (rF+)
                  | [potion of mutation]
  4004 | D:4      | Reached XP level 7. HP: 16/67 MP: 6/6
  4439 | D:5      | Found an ancient bone altar of Kikubaaqudgha.
  4485 | D:5      | Identified the +0 pair of boots "Seqitz" {Dex+3}
  4889 | D:6      | Found a runed translucent door.
  4890 | D:6      | Noticed Crazy Yiuf
  4933 | D:6      | Found a stormy altar of Qazlal.
  4972 | D:6      | Killed from afar by an acid dragon

Illustrated notes

Levels and vault maps discovered:
D:1:      dpeg_cavernosity, layout_basic,
          shapermc_ecumenical_altar_mp_urbaneastern
D:2:      layout_loops_ring, hangedman_abyss_or_decor_lesser_grid,
          minmay_pentomino_x2
D:3:      layout_loops_corners, nicolae_elyvilon_temple_path, nicolae_wormholes
D:4:      layout_rooms, minmay_temple_entry_large_hall, kennysheep_pointless_box
D:5:      layout_cave_pools, overflow_temple_1_default,
          chequers_serial_rivers_micro_c
D:6:      layout_basic, mainiacjoe_overflow_catwalk,
          nicolae_qazlal_eye_of_the_storm, uniq_crazy_yiuf_cottage
Temple:   minmay_temple_bridge_d

Skill      XL: |  1  2  3  4  5  6  7 |
---------------+----------------------+-----
Maces & Flails | 2 3 4 5 |  5.8
Shields        | 3 4 |  4.0
Dodging        | 3 4 |  4.0
Fighting       | 3 |  3.5
Stealth        | |  0.4

Action                   |  1- 3 |  4- 6 |  7- 9 || total
-------------------------+-------+-------+-------++-------
Melee: Flail             |   156 |   229 |   113 ||   498
  Use: Potion            |       |     9 |     4 ||    13
       Scroll            |       |     7 |       ||     7
 Stab: Sleeping          |       |     1 |       ||     1
Armor: Robe              |    97 |    91 |    35 ||   223
Dodge: Dodged            |    92 |   103 |    62 ||   257
Block: Kite shield       |    79 |   112 |    55 ||   246

Table legend: (Time is in decaauts)
 A = Elapsed time spent in this place.
 B = Non-inter-level travel time spent in this place.
 C = Inter-level travel time spent in this place.
 D = Time resting spent in this place.
 E = Time spent auto-exploring this place.
 F = Levels seen in this place.
 G = Mean time per level.
                   A        B        C        D        E       F      G
               +--------+--------+--------+--------+--------+-----+--------+
         Total |   5149 |   4660 |    489 |      0 |   3347 |   7 |  735.6 |
       Dungeon |   4770 |   4432 |    338 |      0 |   3133 |   6 |  795.0 |
        Temple |    379 |    228 |    151 |      0 |    214 |   1 |  379.0 |
               +--------+--------+--------+--------+--------+-----+--------+

Top non-repeatable levels by time:
     D:3: 1120 daAuts
     D:4: 920 daAuts
     D:1: 886 daAuts
     D:2: 833 daAuts
     D:5: 755 daAuts
  Temple: 379 daAuts
     D:6: 253 daAuts
